Eagles vs Wolfpack
(R1)
Created - December 28, 2024 at 18:44
Goals
|
| Eagles |
2 |
3 |
3 |
8 |
| Wolfpack |
2 |
0 |
3 |
5 |
|
Shots
|
| Eagles |
12 |
16 |
12 |
40 |
| Wolfpack |
8 |
5 |
16 |
29 |
|
1st period
1. Eagles , Jack Hughes 11 (Tyler Motte 13, Connor Carrick 11) at 14:18
2. Eagles , Jared McCann 11 (Michael Carcone 12, Gabriel Vilardi 10) at 14:26
3. Wolfpack , Nolan Patrick 12 (Sebastian Collberg 11, Derrick Pouliot 23) at 14:40
4. Wolfpack , Nolan Patrick 13 (Sebastian Collberg 12) at 16:54 (PP)
Penalties :
Keaton Middleton (Col) for Boarding (Minor) at 0:42, Jeffrey Viel (Har) for Slashing (Minor) at 8:24, Tyler Motte (Col) for High sticking (Minor) at 15:38, Mikhail Vorobyev (Har) for Roughing (Minor) at 18:02
2nd period
5. Eagles , Sam Steel 6 (Matthew Phillips 11) at 7:15
6. Eagles , Michael Carcone 9 (Jared McCann 16, Gabriel Vilardi 11) at 7:47
7. Eagles , Sam Steel 7 (Kevin Bahl 4) at 11:33
Penalties :
Ryan Culkin (Har) for Hooking (Minor) at 1:26, Connor Carrick (Col) for Hooking (Minor) at 13:22
3rd period
8. Eagles , Connor Carrick 2 (Jared McCann 17, Jack Dougherty 8) at 2:33
9. Wolfpack , Colton White 3 (Derrick Pouliot 24, Nolan Patrick 14) at 2:45 (SH)
10. Eagles , Pius Suter 9 (Sam Steel 15, Matthew Phillips 12) at 3:19
11. Wolfpack , Jakub Lauko 7 (Shane Pinto 4, Ryan Culkin 7) at 4:24
12. Wolfpack , Andrei Altybarmakyan 4 (Alex Barre-Boulet 16) at 8:32
13. Eagles , Jared McCann 12 (Gabriel Vilardi 12) at 10:27
Penalties :
Gabriel Vilardi (Col) for Slashing (Minor) at 0:41, Alexander Barabanov (Har) for Hooking (Minor) at 0:49, Alexander Barabanov (Har) for Diving (Minor) at 5:45, Tyler Motte (Col) for Tripping (Minor) at 12:10, Keaton Middleton (Col) for Holding (Minor) at 15:45, Sebastian Collberg (Har) for Interference (Minor) at 19:11
Goalie Stats
Adin Hill (Col), 24 saves from 29 shots - (0.828), W, 8-5-3, 60:00 minutes
Charlie Lindgren (Har), 15 saves from 19 shots - (0.789), 27:47 minutes
Samuel Ersson (Har), 17 saves from 21 shots - (0.810), L, 4-6-2, 32:13 minutes
Players Stats for Eagles
Player Name G A P +/- PIM S H SB GA TA FO MP PP MP PK MP
------------------------------------------------------------------------------------
Brett Leason 0 0 0 0 0 0 1 0 1 0 1/2 7:14 0:00 0:00
Connor Carrick 1 1 2 2 2 2 1 1 0 1 0/0 18:25 0:05 4:26
Elmer Soderblom 0 0 0 0 0 0 3 0 0 1 0/0 7:14 0:00 0:00
Gabriel Vilardi 0 3 3 0 2 8 2 0 1 0 0/0 17:27 4:27 1:15
Jack Dougherty 0 1 1 0 0 2 2 0 0 0 0/0 24:08 4:58 3:57
Jack Hughes 1 0 1 0 0 5 1 0 0 0 5/19 19:31 4:30 2:14
Jared McCann 2 2 4 2 0 8 0 0 0 0 17/35 22:57 4:22 4:58
Keaton Middleton 0 0 0 2 4 2 3 1 0 3 0/0 22:13 4:53 2:59
Kevin Bahl 0 1 1 2 0 0 2 1 0 0 0/0 14:39 0:00 1:01
Matteson Iacopelli 0 0 0 1 0 1 1 0 0 0 0/2 11:30 0:00 0:00
Matthew Phillips 0 2 2 2 0 1 3 0 0 0 0/0 12:33 4:25 0:00
Mattias Samuelsson 0 0 0 0 0 0 2 1 0 0 0/0 20:55 3:54 3:05
Max Lajoie 0 0 0 2 0 0 0 2 0 2 0/0 20:34 3:54 3:12
Michael Carcone 1 1 2 2 0 5 1 0 1 1 1/2 21:46 4:22 3:55
Pius Suter 1 0 1 2 0 2 2 0 0 0 0/0 14:49 4:25 2:16
Sam Steel 2 1 3 2 0 2 2 0 0 0 0/1 9:25 0:00 1:15
Tyler Motte 0 1 1 1 4 1 0 0 0 0 0/1 15:12 0:00 2:47
Zach Aston-Reese 0 0 0 -1 0 1 1 0 0 1 0/0 8:11 0:05 0:00
Players Stats for Wolfpack
Player Name G A P +/- PIM S H SB GA TA FO MP PP MP PK MP
------------------------------------------------------------------------------------
Alex Barre-Boulet 0 1 1 -1 0 2 0 0 0 0 10/14 15:47 4:13 0:00
Alexander Barabanov 0 0 0 -2 4 1 0 0 0 0 0/0 21:10 4:49 2:29
Alexander Volkov 0 0 0 -2 0 2 0 0 0 1 0/2 10:11 0:01 1:44
Andrei Altybarmakyan 1 0 1 0 0 2 0 0 3 0 0/0 14:59 2:00 0:00
Cale Fleury 0 0 0 -2 0 0 1 1 0 0 0/0 9:18 0:00 0:00
Colton White 1 0 1 -2 0 3 2 0 0 0 0/0 28:53 4:56 5:45
Derrick Pouliot 0 2 2 -2 0 4 2 0 0 1 0/0 28:28 4:56 5:19
Jakub Lauko 1 0 1 -1 0 1 0 0 0 0 0/0 6:51 0:00 0:00
Jeffrey Viel 0 0 0 0 2 0 3 0 0 0 0/0 8:02 0:00 0:15
Joshua Jacobs 0 0 0 -2 0 0 1 2 0 0 0/0 9:56 0:00 0:37
K'Andre Miller 0 0 0 0 0 0 0 1 2 0 0/0 22:14 4:24 3:33
Mikhail Vorobyev 0 0 0 0 2 1 1 0 0 0 2/4 10:35 1:19 0:34
Nolan Patrick 2 1 3 -2 0 6 2 1 1 0 20/29 25:18 4:50 5:24
Owen Tippet 0 0 0 -1 0 3 0 0 0 0 0/1 18:25 4:12 2:21
Ryan Culkin 0 1 1 0 2 1 5 1 0 1 0/0 21:11 4:24 2:30
Sebastian Collberg 0 2 2 -2 2 3 2 0 3 0 6/12 25:06 5:07 4:57
Shane Pinto 0 1 1 -1 0 0 0 0 0 0 0/0 6:51 0:00 0:00
Yegor Korshkov 0 0 0 0 0 0 1 0 0 0 0/0 5:56 1:28 0:00
3 Stars
1 - Jared McCann (Col)
2 - Sam Steel (Col)
3 - Michael Carcone (Col)
Power Play
Eagles - 0 on 6 Attempt(s) - 0.00%
Wolfpack - 1 on 6 Attempt(s) - 16.67%
Penalty Kill
Eagles - 5 on 6 Attempt(s) - 83.33%
- Score 0 goal in Penalty Kill
Wolfpack - 6 on 6 Attempt(s) - 100.00%
- Score 1 goal in Penalty Kill
Team Stat
Eagles - Hits : 27 - Faceoff Wins : 24 - Blocked Shots : 6 - Penalty Minutes : 12
Wolfpack - Hits : 20 - Faceoff Wins : 38 - Blocked Shots : 6 - Penalty Minutes : 12
Official
Referees : Brandon Schrader and Reid Anderson
Linesman : Pierre Racicot and Derek Nansen
Game Notes
Yegor Korshkov is injured at 3:54 of 2nd period (Severed Right Wrist Tendon)
Samuel Ersson enters game at 7:47 of 2nd period
Finance
Level 1 -- Attendance: 1971 (98.55%) -- Ticket Income $137,970
Level 2 -- Attendance: 860 (86.00%) -- Ticket Income $34,400
Total Attendance: 2831 (94.37%)
Total Ticket Income: $172,370
Other Income: $8,618
Total Income: $180,988
Eagles
5 vs 5 Forward
Center Left Wing Right Wing Time % Phy DF OF
1 Jared McCann Michael Carcone Gabriel Vilardi 35 1 2 2
2 Jack Hughes Tyler Motte Matteson Iacopelli 34 1 2 2
3 Sam Steel Pius Suter Matthew Phillips 21 1 2 2
4 Zach Aston-Reese Elmer Soderblom Brett Leason 10 1 2 2
5 vs 5 Defense
Defense Defense Time % Phy DF OF
1 Connor Carrick Keaton Middleton 33 1 2 2
2 Jack Dougherty Mattias Samuelsson 32 1 2 2
3 Kevin Bahl Max Lajoie 30 1 3 1
4 Keaton Middleton Mattias Samuelsson 5 1 2 2
PowerPlay Forward
Center Left Wing Right Wing Time % Phy DF OF
1 Jared McCann Michael Carcone Gabriel Vilardi 50 1 1 3
2 Jack Hughes Pius Suter Matthew Phillips 50 1 1 3
PowerPlay Defense
Defense Defense Time % Phy DF OF
1 Jack Dougherty Keaton Middleton 55 1 1 3
2 Max Lajoie Mattias Samuelsson 45 1 1 3
Penalty Kill 4 Players Forward
Center Wing Time % Phy DF OF
1 Jared McCann Tyler Motte 65 1 3 1
2 Sam Steel Gabriel Vilardi 35 1 3 1
Penalty Kill 4 Players Defense
Defense Defense Time % Phy DF OF
1 Keaton Middleton Connor Carrick 65 1 3 1
2 Jack Dougherty Mattias Samuelsson 35 1 3 1
Penalty Kill - 3 Players Forward
Forward Time % Phy DF OF
1 Jared McCann 65 1 4 0
2 Tyler Motte 35 1 4 0
Penalty Kill - 3 Players Defense
Defense Defense Time % Phy DF OF
1 Keaton Middleton Connor Carrick 70 1 4 0
2 Jack Dougherty Mattias Samuelsson 30 1 4 0
4 vs 4 Forward
Center Wing Time % Phy DF OF
1 Jared McCann Michael Carcone 50 1 2 2
2 Jack Hughes Gabriel Vilardi 50 1 2 2
4 vs 4 Defense
Defense Defense Time % Phy DF OF
1 Connor Carrick Jack Dougherty 50 1 2 2
2 Keaton Middleton Max Lajoie 50 1 2 2
Last Minutes Offensive
Center Left Wing Right Wing Defense Defense
Jack Hughes Michael Carcone Gabriel Vilardi Jack Dougherty Keaton Middleton
Last Minutes Defensive
Center Left Wing Right Wing Defense Defense
Jared McCann Tyler Motte Gabriel Vilardi Connor Carrick Keaton Middleton
Goaltenders
Starting : Adin Hill
Backup : Daniel Altshuller
Extra Forwards
Normal : Zach Aston-Reese, Brett Leason, Elmer Soderblom - PP : Zach Aston-Reese, Brett Leason - PK : Michael Carcone
Extra Defensemen
Normal : Kevin Bahl, Max Lajoie, Mattias Samuelsson - PP : Connor Carrick - PK : Max Lajoie, Kevin Bahl
Penalty Shots
Jack Hughes, Gabriel Vilardi, Jared McCann, Pius Suter, Brett Leason
Custom OT Lines Forwards
Jared McCann, Michael Carcone, Zach Aston-Reese, Tyler Motte, Gabriel Vilardi, Sam Steel, Jack Hughes, Matteson Iacopelli, Pius Suter, Elmer Soderblom
Custom OT Lines Defensemen
Connor Carrick, Jack Dougherty, Keaton Middleton, Max Lajoie, Mattias Samuelsson
Scratches
Chris Calhan (Healthy), Dominik Kubalik (Healthy), Jonathan Racine (Healthy), Mark Friedman (Healthy), Tyler Tucker (Healthy)
Michael Dal Colle (Healthy), Xavier Ouellet (Healthy), Alexander Nylander (Healthy), Pascal Laberge (Healthy), Marian Studenic (Healthy)
Ilya Nikolaev (Healthy), Santeri Hatakka (Healthy), Jacob Leguerrier (Healthy), Zachary Emond (Healthy), Linus Ullmark (Healthy)
Hugo Alnefelt (Healthy)
Wolfpack
5 vs 5 Forward
Center Left Wing Right Wing Time % Phy DF OF
1 Nolan Patrick Alexander Barabanov Sebastian Collberg 40 1 2 2
2 Alex Barre-Boulet Yegor Korshkov Owen Tippet 30 1 2 2
3 Mikhail Vorobyev Jeffrey Viel Andrei Altybarmakyan 20 1 2 2
4 Shane Pinto Jakub Lauko Alexander Volkov 10 1 2 2
5 vs 5 Defense
Defense Defense Time % Phy DF OF
1 Derrick Pouliot Colton White 40 1 2 2
2 Ryan Culkin K'Andre Miller 30 1 2 2
3 Cale Fleury Joshua Jacobs 20 1 2 2
4 Derrick Pouliot Colton White 10 1 2 2
PowerPlay Forward
Center Left Wing Right Wing Time % Phy DF OF
1 Nolan Patrick Alexander Barabanov Sebastian Collberg 60 1 2 2
2 Alex Barre-Boulet Yegor Korshkov Owen Tippet 40 1 2 2
PowerPlay Defense
Defense Defense Time % Phy DF OF
1 Derrick Pouliot Colton White 60 1 2 2
2 Ryan Culkin K'Andre Miller 40 1 2 2
Penalty Kill 4 Players Forward
Center Wing Time % Phy DF OF
1 Sebastian Collberg Nolan Patrick 60 1 2 2
2 Alexander Barabanov Owen Tippet 40 1 2 2
Penalty Kill 4 Players Defense
Defense Defense Time % Phy DF OF
1 Derrick Pouliot Colton White 60 1 2 2
2 Ryan Culkin K'Andre Miller 40 1 2 2
Penalty Kill - 3 Players Forward
Forward Time % Phy DF OF
1 Sebastian Collberg 60 1 2 2
2 Nolan Patrick 40 1 2 2
Penalty Kill - 3 Players Defense
Defense Defense Time % Phy DF OF
1 Derrick Pouliot Colton White 60 1 2 2
2 Ryan Culkin K'Andre Miller 40 1 2 2
4 vs 4 Forward
Center Wing Time % Phy DF OF
1 Sebastian Collberg Nolan Patrick 60 1 2 2
2 Alexander Barabanov Owen Tippet 40 1 2 2
4 vs 4 Defense
Defense Defense Time % Phy DF OF
1 Derrick Pouliot Colton White 60 1 2 2
2 Ryan Culkin K'Andre Miller 40 1 2 2
Last Minutes Offensive
Center Left Wing Right Wing Defense Defense
Nolan Patrick Alexander Barabanov Sebastian Collberg Derrick Pouliot Colton White
Last Minutes Defensive
Center Left Wing Right Wing Defense Defense
Nolan Patrick Alexander Barabanov Sebastian Collberg Derrick Pouliot Colton White
Goaltenders
Starting : Charlie Lindgren
Backup : Samuel Ersson
Extra Forwards
Normal : Andrei Altybarmakyan, Mikhail Vorobyev, Alexander Volkov - PP : Andrei Altybarmakyan, Mikhail Vorobyev - PK : Alexander Volkov
Extra Defensemen
Normal : Cale Fleury, Joshua Jacobs, Ryan Culkin - PP : Cale Fleury - PK : Joshua Jacobs, Ryan Culkin
Penalty Shots
Sebastian Collberg, Nolan Patrick, Alexander Barabanov, Owen Tippet, Alex Barre-Boulet
Custom OT Lines Forwards
Sebastian Collberg, Nolan Patrick, Alexander Barabanov, Owen Tippet, Alex Barre-Boulet, Andrei Altybarmakyan, Mikhail Vorobyev, Alexander Volkov, Yegor Korshkov, Jeffrey Viel
Custom OT Lines Defensemen
Derrick Pouliot, Colton White, Ryan Culkin, K'Andre Miller, Cale Fleury
Scratches
Ryan Poehling (Healthy), Mason Shaw (Healthy), Ben Jones (Healthy), Dryden Hunt (Healthy), Samuel Houde (Healthy)
Jake Marchment (Healthy), Dylan Samberg (Healthy), Andrew Peeke (Healthy), Dante Fabbro (Healthy), Linus Sandin (Healthy)
Jack Drury (Healthy), Martin Kaut (Healthy), Mathias Laferriere (Healthy), Maxwell Crozier (Healthy), Will Francis (Healthy)
Dustin Wolf (Healthy)
% Time on Ice - Eagles
Lines # - Real PCT - Wanted PCT - Time Play
Normal Forward
1 - 33% - 35% - 13:03
2 - 29% - 34% - 11:32
3 - 20% - 21% - 8:08
4 - 18% - 10% - 7:14
Normal Defense
1 - 33% - 33% - 13:06
2 - 30% - 32% - 12:05
3 - 31% - 30% - 12:24
4 - 6% - 5% - 2:22
PP Forward
1 - 49% - 50% - 4:22
2 - 51% - 50% - 4:30
PP Defense
1 - 56% - 55% - 4:58
2 - 44% - 45% - 3:54
PK Forward
1 - 87% - 65% - 8:05
2 - 13% - 35% - 1:15
PK Defense
1 - 69% - 65% - 6:28
2 - 31% - 35% - 2:52
PK3 Forward
1 - 0% - 65%
2 - 0% - 35%
PK3 Defense
1 - 0% - 70%
2 - 0% - 30%
44 Forward
1 - 53% - 50% - 0:59
2 - 47% - 50% - 0:52
44 Defense
1 - 51% - 50% - 0:57
2 - 49% - 50% - 0:54
Last Minute Offensive - 0:00
Last Minute Defensive - 0:00
Total
Forward - 60:00
Defense - 60:00
|
% Time on Ice - Wolfpack
Lines # - Real PCT - Wanted PCT - Time Play
Normal Forward
1 - 34% - 40% - 13:44
2 - 29% - 30% - 11:34
3 - 20% - 20% - 7:48
4 - 17% - 10% - 6:51
Normal Defense
1 - 41% - 40% - 16:30
2 - 34% - 30% - 13:30
3 - 23% - 20% - 9:18
4 - 2% - 10% - 0:39
PP Forward
1 - 52% - 60% - 4:50
2 - 48% - 40% - 4:30
PP Defense
1 - 53% - 60% - 4:56
2 - 47% - 40% - 4:24
PK Forward
1 - 73% - 60% - 6:31
2 - 27% - 40% - 2:21
PK Defense
1 - 60% - 60% - 5:17
2 - 40% - 40% - 3:35
PK3 Forward
1 - 0% - 60%
2 - 0% - 40%
PK3 Defense
1 - 0% - 60%
2 - 0% - 40%
44 Forward
1 - 82% - 60% - 1:31
2 - 18% - 40% - 0:20
44 Defense
1 - 57% - 60% - 1:03
2 - 43% - 40% - 0:48
Last Minute Offensive - 0:00
Last Minute Defensive - 0:00
Total
Forward - 60:00
Defense - 60:00
|
Play-by-Play
1st period
0:01 of 1st period - Jared McCann wins face-off versus Nolan Patrick in neutral zone.
0:26 of 1st period - Jared McCann is hit by Colton White and loses puck.
0:35 of 1st period - Wrist shot by Andrei Altybarmakyan.
0:35 of 1st period - Shot Misses the Net.
0:42 of 1st period - Minor Penalty to Keaton Middleton for Boarding.
0:43 of 1st period - Nolan Patrick wins face-off versus Jared McCann in Eagles zone.
0:43 of 1st period - Wrist shot by Sebastian Collberg.
0:43 of 1st period - Stopped by Adin Hill without a rebound.
0:44 of 1st period - Nolan Patrick wins face-off versus Jared McCann in Eagles zone.
2:42 of 1st period - Penalty to Keaton Middleton is over, Keaton Middleton is back on ice.
2:58 of 1st period - Snap shot by Alexander Volkov.
2:58 of 1st period - Shot Misses the Net.
3:14 of 1st period - Mattias Samuelsson is hit by Cale Fleury and loses puck.
3:58 of 1st period - Cale Fleury is hit by Elmer Soderblom and loses puck.
4:19 of 1st period - Joshua Jacobs is hit by Sam Steel and loses puck.
4:42 of 1st period - K'Andre Miller is hit by Gabriel Vilardi and loses puck.
5:00 of 1st period - Connor Carrick is hit by Yegor Korshkov.
5:44 of 1st period - Jakub Lauko is hit by Jack Dougherty and loses puck.
5:57 of 1st period - Slapshot by Zach Aston-Reese.
5:57 of 1st period - Shot Blocked by Joshua Jacobs.
6:11 of 1st period - Yegor Korshkov is hit by Pius Suter and loses puck.
6:49 of 1st period - Tyler Motte is hit by Mikhail Vorobyev and loses puck.
7:00 of 1st period - Kevin Bahl is hit by Nolan Patrick and loses puck.
7:42 of 1st period - K'Andre Miller is hit by Matthew Phillips.
8:03 of 1st period - Wrist shot by Pius Suter.
8:03 of 1st period - Stopped by Charlie Lindgren with a rebound.
8:05 of 1st period - Slapshot by Jack Dougherty.
8:05 of 1st period - Shot Misses the Net.
8:07 of 1st period - Snap shot by Jack Dougherty.
8:07 of 1st period - Shot Misses the Net.
8:24 of 1st period - Minor Penalty to Jeffrey Viel for Slashing.
8:25 of 1st period - Sebastian Collberg wins face-off versus Jared McCann in Wolfpack zone.
8:32 of 1st period - Jack Dougherty is hit by Derrick Pouliot and loses puck.
8:51 of 1st period - Nolan Patrick is hit by Pius Suter and loses puck.
8:56 of 1st period - Snap shot by Jack Hughes.
8:56 of 1st period - Stopped by Charlie Lindgren without a rebound.
8:57 of 1st period - Sebastian Collberg wins face-off versus Jack Hughes in Wolfpack zone.
9:10 of 1st period - Slapshot by Pius Suter.
9:10 of 1st period - Shot Misses the Net.
9:12 of 1st period - Slapshot by Max Lajoie.
9:12 of 1st period - Deflect By Jack Hughes.
9:12 of 1st period - Shot Misses the Net.
9:12 of 1st period - Puck is out of play.
9:13 of 1st period - Jared McCann wins face-off versus Owen Tippet in Wolfpack zone.
10:24 of 1st period - Penalty to Jeffrey Viel is over, Jeffrey Viel is back on ice.
10:42 of 1st period - Slapshot by Tyler Motte.
10:42 of 1st period - Stopped by Charlie Lindgren without a rebound.
10:43 of 1st period - Alex Barre-Boulet wins face-off versus Jack Hughes in Wolfpack zone.
11:09 of 1st period - Sebastian Collberg is hit by Zach Aston-Reese and loses puck.
11:16 of 1st period - Wrist shot by Connor Carrick.
11:16 of 1st period - Deflect By Sebastian Collberg.
11:16 of 1st period - Stopped by Charlie Lindgren with a rebound.
11:18 of 1st period - Slapshot by Keaton Middleton.
11:18 of 1st period - Stopped by Charlie Lindgren without a rebound.
11:19 of 1st period - Alex Barre-Boulet wins face-off versus Jared McCann in Wolfpack zone.
11:56 of 1st period - Wrist shot by Jack Hughes.
11:56 of 1st period - Stopped by Charlie Lindgren with a rebound.
12:22 of 1st period - Wrist shot by Nolan Patrick.
12:22 of 1st period - Stopped by Adin Hill without a rebound.
12:23 of 1st period - Alex Barre-Boulet wins face-off versus Jack Hughes in Eagles zone.
12:57 of 1st period - Wrist shot by Jared McCann.
12:57 of 1st period - Stopped by Charlie Lindgren with a rebound.
13:11 of 1st period - Colton White is hit by Mattias Samuelsson and loses puck.
13:51 of 1st period - Off-side.
13:52 of 1st period - Jared McCann wins face-off versus Alex Barre-Boulet in neutral zone.
13:55 of 1st period - Owen Tippet is hit by Michael Carcone and loses puck.
14:06 of 1st period - Slapshot by Gabriel Vilardi.
14:06 of 1st period - Stopped by Charlie Lindgren without a rebound.
14:07 of 1st period - Nolan Patrick wins face-off versus Matteson Iacopelli in Wolfpack zone.
14:18 of 1st period - Slapshot by Jack Hughes.
14:18 of 1st period - Goal by Jack Hughes - Eagles : 1 - Wolfpack : 0.
14:19 of 1st period - Jared McCann wins face-off versus Nolan Patrick in neutral zone.
14:26 of 1st period - Wrist shot by Jared McCann.
14:26 of 1st period - Goal by Jared McCann - Eagles : 2 - Wolfpack : 0.
14:27 of 1st period - Nolan Patrick wins face-off versus Jared McCann in neutral zone.
14:38 of 1st period - Snap shot by Nolan Patrick.
14:38 of 1st period - Stopped by Adin Hill with a rebound.
14:40 of 1st period - Snap shot by Nolan Patrick.
14:40 of 1st period - Goal by Nolan Patrick - Eagles : 2 - Wolfpack : 1.
14:41 of 1st period - Nolan Patrick wins face-off versus Jack Hughes in neutral zone.
14:48 of 1st period - Connor Carrick is hit by Colton White and loses puck.
14:55 of 1st period - Snap shot by Nolan Patrick.
14:55 of 1st period - Deflect By Sebastian Collberg.
14:55 of 1st period - Stopped by Adin Hill without a rebound.
14:56 of 1st period - Alex Barre-Boulet wins face-off versus Jared McCann in Eagles zone.
15:21 of 1st period - Matteson Iacopelli is hit by Nolan Patrick and loses puck.
15:38 of 1st period - Minor Penalty to Tyler Motte for High sticking.
15:39 of 1st period - Nolan Patrick wins face-off versus Jared McCann in Eagles zone.
16:10 of 1st period - Slapshot by Colton White.
16:10 of 1st period - Shot Blocked by Keaton Middleton.
16:12 of 1st period - Slapshot by Derrick Pouliot.
16:12 of 1st period - Stopped by Adin Hill with a rebound.
16:14 of 1st period - Slapshot by Colton White.
16:14 of 1st period - Shot Blocked by Connor Carrick.
16:16 of 1st period - Slapshot by Colton White.
16:16 of 1st period - Stopped by Adin Hill without a rebound.
16:17 of 1st period - Alex Barre-Boulet wins face-off versus Jared McCann in Eagles zone.
16:54 of 1st period - Wrist shot by Nolan Patrick.
16:54 of 1st period - Goal by Nolan Patrick - Eagles : 2 - Wolfpack : 2.
16:55 of 1st period - Nolan Patrick wins face-off versus Jared McCann in neutral zone.
16:58 of 1st period - Snap shot by Nolan Patrick.
16:58 of 1st period - Deflect By Sebastian Collberg.
16:58 of 1st period - Shot Misses the Net.
16:58 of 1st period - Puck is out of play.
16:59 of 1st period - Nolan Patrick wins face-off versus Jared McCann in Eagles zone.
17:06 of 1st period - Wrist shot by Gabriel Vilardi.
17:06 of 1st period - Stopped by Charlie Lindgren with a rebound.
17:52 of 1st period - Slapshot by Keaton Middleton.
17:52 of 1st period - Stopped by Charlie Lindgren with a rebound.
17:54 of 1st period - Snap shot by Sam Steel.
17:54 of 1st period - Shot Misses the Net.
17:56 of 1st period - Slapshot by Connor Carrick.
17:56 of 1st period - Shot Misses the Net.
18:02 of 1st period - Minor Penalty to Mikhail Vorobyev for Roughing.
18:03 of 1st period - Nolan Patrick wins face-off versus Jack Hughes in Wolfpack zone.
18:48 of 1st period - Off-side.
18:49 of 1st period - Jared McCann wins face-off versus Sebastian Collberg in neutral zone.
19:13 of 1st period - Wrist shot by Alexander Barabanov.
19:13 of 1st period - Shot Misses the Net.
19:56 of 1st period - Icing by Jack Hughes.
19:57 of 1st period - Jack Hughes wins face-off versus Alexander Volkov in Eagles zone.
Goals for this period are 2 for Eagles vs 2 for Wolfpack.
Shots for this period are 12 for Eagles vs 8 for Wolfpack.
2nd period
0:01 of 2nd period - Sebastian Collberg wins face-off versus Jared McCann in neutral zone.
0:02 of 2nd period - Penalty to Mikhail Vorobyev is over, Mikhail Vorobyev is back on ice.
0:04 of 2nd period - Jared McCann is hit by Derrick Pouliot and loses puck.
0:11 of 2nd period - Wrist shot by Michael Carcone.
0:11 of 2nd period - Stopped by Charlie Lindgren with a rebound.
0:13 of 2nd period - Snap shot by Michael Carcone.
0:13 of 2nd period - Stopped by Charlie Lindgren without a rebound.
0:14 of 2nd period - Jack Hughes wins face-off versus Nolan Patrick in Wolfpack zone.
0:49 of 2nd period - Snap shot by Jared McCann.
0:49 of 2nd period - Deflect By Colton White.
0:49 of 2nd period - Stopped by Charlie Lindgren without a rebound.
0:50 of 2nd period - Alex Barre-Boulet wins face-off versus Jared McCann in Wolfpack zone.
1:15 of 2nd period - Alexander Barabanov is hit by Matthew Phillips and loses puck.
1:24 of 2nd period - Snap shot by Sam Steel.
1:24 of 2nd period - Shot Misses the Net.
1:26 of 2nd period - Minor Penalty to Ryan Culkin for Hooking.
1:27 of 2nd period - Jared McCann wins face-off versus Sebastian Collberg in Wolfpack zone.
1:30 of 2nd period - Snap shot by Gabriel Vilardi.
1:30 of 2nd period - Deflect By Jared McCann.
1:30 of 2nd period - Stopped by Charlie Lindgren with a rebound.
1:32 of 2nd period - Slapshot by Keaton Middleton.
1:32 of 2nd period - Shot Misses the Net.
1:34 of 2nd period - Wrist shot by Gabriel Vilardi.
1:34 of 2nd period - Shot Blocked by Nolan Patrick.
1:42 of 2nd period - Wrist shot by Gabriel Vilardi.
1:42 of 2nd period - Stopped by Charlie Lindgren with a rebound.
1:57 of 2nd period - Snap shot by Sebastian Collberg.
1:57 of 2nd period - Shot Misses the Net.
3:26 of 2nd period - Penalty to Ryan Culkin is over, Ryan Culkin is back on ice.
3:33 of 2nd period - Snap shot by Yegor Korshkov.
3:33 of 2nd period - Shot Misses the Net.
3:35 of 2nd period - Slapshot by Alex Barre-Boulet.
3:35 of 2nd period - Stopped by Adin Hill without a rebound.
3:36 of 2nd period - Brett Leason wins face-off versus Alex Barre-Boulet in Eagles zone.
3:41 of 2nd period - Joshua Jacobs is hit by Brett Leason.
3:53 of 2nd period - Yegor Korshkov is hit by Elmer Soderblom.
3:54 of 2nd period - Yegor Korshkov from Wolfpack is injured at 3:54 of 2nd period (Severed Right Wrist Tendon).
3:55 of 2nd period - Nolan Patrick wins face-off versus Jack Hughes in Wolfpack zone.
6:37 of 2nd period - Alexander Barabanov is hit by Jack Dougherty.
7:08 of 2nd period - Alexander Volkov is hit by Mattias Samuelsson and loses puck.
7:13 of 2nd period - Snap shot by Matthew Phillips.
7:13 of 2nd period - Shot Misses the Net.
7:15 of 2nd period - Snap shot by Sam Steel.
7:15 of 2nd period - Goal by Sam Steel - Eagles : 3 - Wolfpack : 2.
7:16 of 2nd period - Nolan Patrick wins face-off versus Jack Hughes in neutral zone.
7:19 of 2nd period - Tyler Motte is hit by Sebastian Collberg and loses puck.
7:42 of 2nd period - K'Andre Miller is hit by Kevin Bahl and loses puck.
7:47 of 2nd period - Snap shot by Jared McCann.
7:47 of 2nd period - Deflect By Michael Carcone.
7:47 of 2nd period - Goal by Michael Carcone - Eagles : 4 - Wolfpack : 2.
7:47 of 2nd period - Samuel Ersson enters game.
7:48 of 2nd period - Jared McCann wins face-off versus Nolan Patrick in neutral zone.
9:16 of 2nd period - Wrist shot by Andrei Altybarmakyan.
9:16 of 2nd period - Shot Blocked by Kevin Bahl.
9:46 of 2nd period - Sam Steel is hit by Sebastian Collberg and loses puck.
10:30 of 2nd period - Wrist shot by Gabriel Vilardi.
10:30 of 2nd period - Stopped by Samuel Ersson with a rebound.
10:32 of 2nd period - Slapshot by Mattias Samuelsson.
10:32 of 2nd period - Shot Misses the Net.
10:39 of 2nd period - Icing by Alexander Volkov.
10:40 of 2nd period - Nolan Patrick wins face-off versus Tyler Motte in Wolfpack zone.
10:49 of 2nd period - Wrist shot by Jack Hughes.
10:49 of 2nd period - Shot Misses the Net.
10:51 of 2nd period - Slapshot by Matteson Iacopelli.
10:51 of 2nd period - Shot Blocked by Joshua Jacobs.
10:53 of 2nd period - Snap shot by Matteson Iacopelli.
10:53 of 2nd period - Shot Misses the Net.
10:55 of 2nd period - Wrist shot by Connor Carrick.
10:55 of 2nd period - Shot Blocked by Cale Fleury.
11:33 of 2nd period - Slapshot by Sam Steel.
11:33 of 2nd period - Goal by Sam Steel - Eagles : 5 - Wolfpack : 2.
11:34 of 2nd period - Jack Hughes wins face-off versus Nolan Patrick in neutral zone.
12:08 of 2nd period - Wrist shot by Gabriel Vilardi.
12:08 of 2nd period - Stopped by Samuel Ersson without a rebound.
12:09 of 2nd period - Jared McCann wins face-off versus Mikhail Vorobyev in Wolfpack zone.
12:16 of 2nd period - Snap shot by Jared McCann.
12:16 of 2nd period - Shot Misses the Net.
12:18 of 2nd period - Wrist shot by Michael Carcone.
12:18 of 2nd period - Stopped by Samuel Ersson without a rebound.
12:19 of 2nd period - Jared McCann wins face-off versus Mikhail Vorobyev in Wolfpack zone.
12:44 of 2nd period - Snap shot by Gabriel Vilardi.
12:44 of 2nd period - Deflect By Jared McCann.
12:44 of 2nd period - Stopped by Samuel Ersson without a rebound.
12:45 of 2nd period - Nolan Patrick wins face-off versus Jack Hughes in Wolfpack zone.
12:45 of 2nd period - Nolan Patrick is hit by Jack Hughes.
13:22 of 2nd period - Minor Penalty to Connor Carrick for Hooking.
13:23 of 2nd period - Nolan Patrick wins face-off versus Jared McCann in Eagles zone.
13:27 of 2nd period - Snap shot by Nolan Patrick.
13:27 of 2nd period - Stopped by Adin Hill with a rebound.
13:51 of 2nd period - Slapshot by Derrick Pouliot.
13:51 of 2nd period - Shot Blocked by Max Lajoie.
15:09 of 2nd period - Kevin Bahl is hit by Ryan Culkin and loses puck.
15:22 of 2nd period - Penalty to Connor Carrick is over, Connor Carrick is back on ice.
15:26 of 2nd period - Wrist shot by Jared McCann.
15:26 of 2nd period - Stopped by Samuel Ersson with a rebound.
15:40 of 2nd period - Wrist shot by Alexander Volkov.
15:40 of 2nd period - Stopped by Adin Hill with a rebound.
15:52 of 2nd period - Wrist shot by Mikhail Vorobyev.
15:52 of 2nd period - Stopped by Adin Hill with a rebound.
16:34 of 2nd period - Slapshot by Jack Dougherty.
16:34 of 2nd period - Stopped by Samuel Ersson with a rebound.
17:23 of 2nd period - Alexander Volkov is hit by Keaton Middleton and loses puck.
17:34 of 2nd period - Backhand shot by Matteson Iacopelli.
17:34 of 2nd period - Stopped by Samuel Ersson with a rebound.
17:44 of 2nd period - Zach Aston-Reese is hit by Joshua Jacobs and loses puck.
17:55 of 2nd period - Wrist shot by Nolan Patrick.
17:55 of 2nd period - Stopped by Adin Hill with a rebound.
18:05 of 2nd period - Wrist shot by Sam Steel.
18:05 of 2nd period - Shot Blocked by Ryan Culkin.
18:07 of 2nd period - Wrist shot by Jack Hughes.
18:07 of 2nd period - Shot Misses the Net.
18:09 of 2nd period - Slapshot by Jack Hughes.
18:09 of 2nd period - Deflect By Michael Carcone.
18:09 of 2nd period - Stopped by Samuel Ersson without a rebound.
18:10 of 2nd period - Nolan Patrick wins face-off versus Jack Hughes in Wolfpack zone.
18:33 of 2nd period - Derrick Pouliot is hit by Elmer Soderblom and loses puck.
19:02 of 2nd period - Jakub Lauko is hit by Keaton Middleton and loses puck.
19:13 of 2nd period - Jack Hughes is hit by Jeffrey Viel and loses puck.
19:20 of 2nd period - Andrei Altybarmakyan is hit by Matteson Iacopelli and loses puck.
19:31 of 2nd period - Colton White is hit by Gabriel Vilardi and loses puck.
Goals for this period are 3 for Eagles vs 0 for Wolfpack.
Shots for this period are 16 for Eagles vs 5 for Wolfpack.
3rd period
0:01 of 3rd period - Jack Hughes wins face-off versus Nolan Patrick in neutral zone.
0:06 of 3rd period - Snap shot by Matteson Iacopelli.
0:06 of 3rd period - Shot Misses the Net.
0:41 of 3rd period - Minor Penalty to Gabriel Vilardi for Slashing.
0:42 of 3rd period - Nolan Patrick wins face-off versus Jared McCann in Eagles zone.
0:43 of 3rd period - Wrist shot by Sebastian Collberg.
0:43 of 3rd period - Stopped by Adin Hill without a rebound.
0:44 of 3rd period - Jared McCann wins face-off versus Nolan Patrick in Eagles zone.
0:49 of 3rd period - Minor Penalty to Alexander Barabanov for Hooking.
0:50 of 3rd period - Jared McCann wins face-off versus Sebastian Collberg in Wolfpack zone.
1:17 of 3rd period - Derrick Pouliot is hit by Connor Carrick and loses puck.
1:23 of 3rd period - Off-side.
1:24 of 3rd period - Sebastian Collberg wins face-off versus Jared McCann in neutral zone.
1:41 of 3rd period - Wrist shot by Jared McCann.
1:41 of 3rd period - Stopped by Samuel Ersson with a rebound.
2:03 of 3rd period - Slapshot by Ryan Culkin.
2:03 of 3rd period - Stopped by Adin Hill with a rebound.
2:17 of 3rd period - Snap shot by Alexander Volkov.
2:17 of 3rd period - Stopped by Adin Hill without a rebound.
2:18 of 3rd period - Jared McCann wins face-off versus Sebastian Collberg in Eagles zone.
2:33 of 3rd period - Slapshot by Connor Carrick.
2:33 of 3rd period - Goal by Connor Carrick - Eagles : 6 - Wolfpack : 2.
2:34 of 3rd period - Sebastian Collberg wins face-off versus Jack Hughes in neutral zone.
2:39 of 3rd period - Slapshot by Sebastian Collberg.
2:39 of 3rd period - Shot Misses the Net.
2:41 of 3rd period - Penalty to Gabriel Vilardi is over, Gabriel Vilardi is back on ice.
2:41 of 3rd period - Slapshot by Nolan Patrick.
2:41 of 3rd period - Shot Misses the Net.
2:43 of 3rd period - Slapshot by Derrick Pouliot.
2:43 of 3rd period - Stopped by Adin Hill with a rebound.
2:45 of 3rd period - Slapshot by Colton White.
2:45 of 3rd period - Goal by Colton White - Eagles : 6 - Wolfpack : 3.
2:46 of 3rd period - Jared McCann wins face-off versus Sebastian Collberg in neutral zone.
2:49 of 3rd period - Penalty to Alexander Barabanov is over, Alexander Barabanov is back on ice.
2:51 of 3rd period - Colton White is hit by Keaton Middleton and loses puck.
3:02 of 3rd period - Snap shot by Gabriel Vilardi.
3:02 of 3rd period - Stopped by Samuel Ersson with a rebound.
3:12 of 3rd period - Nolan Patrick is hit by Sam Steel and loses puck.
3:19 of 3rd period - Wrist shot by Pius Suter.
3:19 of 3rd period - Goal by Pius Suter - Eagles : 7 - Wolfpack : 3.
3:20 of 3rd period - Alex Barre-Boulet wins face-off versus Jack Hughes in neutral zone.
3:27 of 3rd period - Snap shot by Owen Tippet.
3:27 of 3rd period - Shot Blocked by Mattias Samuelsson.
3:29 of 3rd period - Snap shot by Alex Barre-Boulet.
3:29 of 3rd period - Shot Hit the Post.
3:31 of 3rd period - Slapshot by Owen Tippet.
3:31 of 3rd period - Shot Misses the Net.
3:35 of 3rd period - Snap shot by Andrei Altybarmakyan.
3:35 of 3rd period - Stopped by Adin Hill without a rebound.
3:36 of 3rd period - Michael Carcone wins face-off versus Nolan Patrick in Eagles zone.
3:53 of 3rd period - Wrist shot by Nolan Patrick.
3:53 of 3rd period - Shot Misses the Net.
4:22 of 3rd period - Slapshot by Ryan Culkin.
4:22 of 3rd period - Shot Hit the Post.
4:24 of 3rd period - Snap shot by Shane Pinto.
4:24 of 3rd period - Deflect By Jakub Lauko.
4:24 of 3rd period - Goal by Jakub Lauko - Eagles : 7 - Wolfpack : 4.
4:25 of 3rd period - Nolan Patrick wins face-off versus Matteson Iacopelli in neutral zone.
4:51 of 3rd period - Gabriel Vilardi is hit by Jeffrey Viel and loses puck.
5:16 of 3rd period - Wrist shot by Matthew Phillips.
5:16 of 3rd period - Stopped by Samuel Ersson with a rebound.
5:45 of 3rd period - Minor Penalty to Alexander Barabanov for Diving.
5:46 of 3rd period - Sebastian Collberg wins face-off versus Jared McCann in Wolfpack zone.
5:56 of 3rd period - Snap shot by Gabriel Vilardi.
5:56 of 3rd period - Stopped by Samuel Ersson with a rebound.
5:58 of 3rd period - Snap shot by Michael Carcone.
5:58 of 3rd period - Shot Misses the Net.
6:00 of 3rd period - Slapshot by Jack Dougherty.
6:00 of 3rd period - Stopped by Samuel Ersson with a rebound.
6:02 of 3rd period - Slapshot by Gabriel Vilardi.
6:02 of 3rd period - Deflect By Sebastian Collberg.
6:02 of 3rd period - Stopped by Samuel Ersson without a rebound.
6:03 of 3rd period - Jack Hughes wins face-off versus Sebastian Collberg in Wolfpack zone.
7:22 of 3rd period - Icing by Max Lajoie.
7:23 of 3rd period - Mikhail Vorobyev wins face-off versus Michael Carcone in Eagles zone.
7:24 of 3rd period - Snap shot by Owen Tippet.
7:24 of 3rd period - Stopped by Adin Hill with a rebound.
7:45 of 3rd period - Penalty to Alexander Barabanov is over, Alexander Barabanov is back on ice.
8:08 of 3rd period - Snap shot by Derrick Pouliot.
8:08 of 3rd period - Stopped by Adin Hill without a rebound.
8:09 of 3rd period - Alex Barre-Boulet wins face-off versus Jared McCann in Eagles zone.
8:14 of 3rd period - Slapshot by Owen Tippet.
8:14 of 3rd period - Shot Misses the Net.
8:16 of 3rd period - Slapshot by K'Andre Miller.
8:16 of 3rd period - Shot Misses the Net.
8:18 of 3rd period - Snap shot by Owen Tippet.
8:18 of 3rd period - Stopped by Adin Hill without a rebound.
8:19 of 3rd period - Jared McCann wins face-off versus Alex Barre-Boulet in Eagles zone.
8:19 of 3rd period - Jared McCann is hit by Ryan Culkin.
8:25 of 3rd period - Jared McCann is hit by Ryan Culkin and loses puck.
8:32 of 3rd period - Wrist shot by Andrei Altybarmakyan.
8:32 of 3rd period - Goal by Andrei Altybarmakyan - Eagles : 7 - Wolfpack : 5.
8:33 of 3rd period - Nolan Patrick wins face-off versus Jack Hughes in neutral zone.
8:44 of 3rd period - Slapshot by Derrick Pouliot.
8:44 of 3rd period - Stopped by Adin Hill with a rebound.
8:46 of 3rd period - Slapshot by Colton White.
8:46 of 3rd period - Deflect By Jack Hughes.
8:46 of 3rd period - Stopped by Adin Hill with a rebound.
8:48 of 3rd period - Slapshot by Alexander Barabanov.
8:48 of 3rd period - Stopped by Adin Hill with a rebound.
8:50 of 3rd period - Snap shot by Sebastian Collberg.
8:50 of 3rd period - Shot Misses the Net.
9:26 of 3rd period - Wrist shot by Sam Steel.
9:26 of 3rd period - Shot Blocked by K'Andre Miller.
9:56 of 3rd period - Cale Fleury is hit by Kevin Bahl and loses puck.
10:07 of 3rd period - Wrist shot by Jack Hughes.
10:07 of 3rd period - Stopped by Samuel Ersson with a rebound.
10:09 of 3rd period - Snap shot by Jack Hughes.
10:09 of 3rd period - Stopped by Samuel Ersson with a rebound.
10:27 of 3rd period - Wrist shot by Jared McCann.
10:27 of 3rd period - Goal by Jared McCann - Eagles : 8 - Wolfpack : 5.
10:28 of 3rd period - Nolan Patrick wins face-off versus Jack Hughes in neutral zone.
12:02 of 3rd period - Icing by Mattias Samuelsson.
12:03 of 3rd period - Alex Barre-Boulet wins face-off versus Brett Leason in Eagles zone.
12:06 of 3rd period - Wrist shot by Alex Barre-Boulet.
12:06 of 3rd period - Stopped by Adin Hill without a rebound.
12:07 of 3rd period - Alex Barre-Boulet wins face-off versus Jack Hughes in Eagles zone.
12:08 of 3rd period - Slapshot by Owen Tippet.
12:08 of 3rd period - Stopped by Adin Hill with a rebound.
12:10 of 3rd period - Minor Penalty to Tyler Motte for Tripping.
12:11 of 3rd period - Nolan Patrick wins face-off versus Jared McCann in Eagles zone.
12:46 of 3rd period - Jared McCann is hit by Ryan Culkin and loses puck.
13:59 of 3rd period - Icing by Derrick Pouliot.
14:00 of 3rd period - Jared McCann wins face-off versus Alex Barre-Boulet in Wolfpack zone.
14:10 of 3rd period - Penalty to Tyler Motte is over, Tyler Motte is back on ice.
14:24 of 3rd period - Kevin Bahl is hit by Jeffrey Viel and loses puck.
14:41 of 3rd period - Snap shot by Zach Aston-Reese.
14:41 of 3rd period - Stopped by Samuel Ersson with a rebound.
15:33 of 3rd period - Max Lajoie is hit by Ryan Culkin and loses puck.
15:45 of 3rd period - Minor Penalty to Keaton Middleton for Holding.
15:46 of 3rd period - Jared McCann wins face-off versus Nolan Patrick in Eagles zone.
15:58 of 3rd period - Snap shot by Sebastian Collberg.
15:58 of 3rd period - Shot Misses the Net.
16:00 of 3rd period - Wrist shot by Alexander Barabanov.
16:00 of 3rd period - Shot Blocked by Max Lajoie.
17:45 of 3rd period - Penalty to Keaton Middleton is over, Keaton Middleton is back on ice.
18:30 of 3rd period - Off-side.
18:31 of 3rd period - Mikhail Vorobyev wins face-off versus Sam Steel in neutral zone.
19:11 of 3rd period - Minor Penalty to Sebastian Collberg for Interference.
19:12 of 3rd period - Jared McCann wins face-off versus Alexander Volkov in Wolfpack zone.
19:37 of 3rd period - Colton White is hit by Matthew Phillips and loses puck.
Goals for this period are 3 for Eagles vs 3 for Wolfpack.
Shots for this period are 12 for Eagles vs 16 for Wolfpack.